 Dungeon Crawl Stone Soup version 0.29.1-15-g9cfb28693d (webtiles) character file.

Game seed: 14551576864349472696

476 4D1OSZ the Ruffian (level 6, 0/70 HPs)
             Began as a Draconian Transmuter on Mar 22, 2023.
             Succumbed to a gnoll's poison
             ... on level 4 of the Dungeon.
             The game lasted 00:32:49 (3238 turns).

4D1OSZ the Ruffian (Draconian Transmuter)           Turns: 3238, Time: 00:32:50

Health: 0/70       AC: 23    Str: 15    XL:     6   Next: 84%
Magic:  11/11      EV:  2    Int: 13    God:
Gold:   214        SH:  0    Dex: 11    Spells: 11/12 levels left

rFire   . . .      SeeInvis .     - Unarmed
rCold   . . .      Faith    .   (no shield)
rNeg    . . .      Spirit   .   (body armour unavailable)
rPois   +          Reflect  .   (helmet currently unavailable)
rElec   .          Harm     .   (cloak currently unavailable)
rCorr   .          Rampage  .   (gloves currently unavailable)
Will    .....      NoTele   +   (boots currently unavailable)
Stlth   +.........              (no amulet)
HPRegen 0.21/turn               b - +4 ring of evasion
MPRegen 0.12/turn               (no ring)

@: lethally poisoned (0 -> -10), tree-form, weak-willed
A: stationary, stasis, torment immunity, boosted hp, AC +6, unfitting armour,
(cold-blooded)
a: no special abilities


You were on level 4 of the Dungeon.
You were a tree.
You visited 1 branch of the dungeon, and saw 4 of its levels.
You also visited: Sewer.

You collected 214 gold pieces.

Inventory:

Armour
 e - a +0 pair of gloves (melded)
Jewellery
 b - a +4 ring of evasion (left branch)
Scrolls
 c - a scroll of identify
 f - 3 scrolls of enchant weapon
 g - 3 scrolls of enchant armour
 i - a scroll of teleportation {unknown}
 j - 2 scrolls of magic mapping {unknown}
Potions
 a - a potion of lignification


   Skills:
 + Level 1.4 Fighting
 * Level 3.7 Dodging
 + Level 5.0 Unarmed Combat
 + Level 3.6 Spellcasting
 + Level 3.5 Transmutations


You had 11 spell levels left.
You knew the following spells:

 Your Spells              Type           Power      Damage    Failure   Level
a - Beastly Appendage     Tmut           22%        N/A       4%          1

Your spell library contained the following spells:

 Spells                   Type           Power      Damage    Failure   Level
 Wereblood                Tmut           11%        N/A       8%          2
 Magic Dart               Conj           8%         1d3       22%         1
 Spider Form              Tmut/Pois      6%         N/A       30%         3
 Searing Ray              Conj           4%         2d4       32%         2
 Ice Form                 Ice/Tmut       6%         N/A       71%         4
 Fulminant Prism          Conj/Hex       1%         3d6       91%         4


Dungeon Overview and Level Annotations

Branches:
Dungeon (4/15)              Sewer (visited)
 Temple: D:4-7

Altars:

Shops:
D:3 (


Innate Abilities, Weirdness & Mutations

You are a tree.
Your roots penetrate the ground, keeping you stationary.
You cannot be teleported.
You are immune to unholy pain and torment.
Your maximum health is greatly increased.
Your equipment is partially melded.
((Your plain brown scales are hard. (AC +6)))
You cannot fit into any form of body armour.
((You are cold-blooded and may be slowed by cold attacks.))


Message History

The gnoll shouts!
You hear a shout!
The gnoll hits you from afar with a +0 spear of venom.
You are more poisoned.
A kobold comes into view. It is wielding a +0 dagger of venom.
You see here 18 gold pieces.
You now have 214 gold pieces (gained 18).
You feel very sick.
The gnoll hits you from afar with a +0 spear of venom.
You are more poisoned.
Your transformation is almost over.
You feel very sick.
You feel very sick.
As you read the scroll of vulnerability, it crumbles to dust.
Magic quickly surges around you.
You feel very sick. The gnoll barely misses you.
You are too injured to fight recklessly!
* * * LOW HITPOINT WARNING * * *
You feel very sick.
* * * LOW HITPOINT WARNING * * *
You feel very sick. The gnoll barely misses you.
You hit the gnoll but do no damage.
You feel sick. The gnoll closely misses you.
You punch the gnoll! Your kick misses the gnoll.
The gnoll is severely wounded.
You feel sick.
The gnoll hits you with a +0 spear of venom.
* * * LOW HITPOINT WARNING * * *
You are more poisoned.
The gnoll barely misses you. The gnoll attacks as you move away!
The gnoll closely misses you.
* * * LOW HITPOINT WARNING * * *
You feel very sick. The gnoll barely misses you.
Your horns disappear.
Your talons disappear.
You turn into a tree.
Your +0 pair of gloves melds into your body.
Your roots penetrate the ground.
You die...

.....<..........###########
#########.####.............
...# #..# #.............
...# #..# #........####
...# #.## #.........###
...# #. ##..........###
...# #. #............##
...# ##.............# ####
#..♣...........#
##...gK.........#
#....g..........#
##..............#
#.....†)......##
##...........##
#..........## ............#
...........###


You could see 2 gnolls and a kobold (weak-willed).

Vanquished Creatures
  4 kobold brigands (Sewer)
  An orc wizard (D:3)
  5 adders
  3 river rats (Sewer)
  A worm (D:2)
  A dart slug (D:2)
  9 orcs
  3 endoplasms
  7 giant cockroaches
  6 goblins
  6 hobgoblins
  4 jackals
  4 quokkas
  11 ball pythons
  9 bats
  11 kobolds
  6 rats
91 creatures vanquished.

Vanquished Creatures (others)
  A fungus (D:1)
  12 plants
13 creatures vanquished.

Grand Total: 104 creatures vanquished

Notes
Turn   | Place    | Note
-------+----------+-------------------------------------------
     0 | D:1      | 4D1OSZ the Draconian Transmuter began the quest for the
                  | Orb.
     0 | D:1      | Reached XP level 1. HP: 16/16 MP: 3/3
    77 | D:1      | Reached XP level 2. HP: 19/23 MP: 3/5
   257 | D:1      | Found a faded altar of an unknown god.
  1081 | D:2      | Reached XP level 3. HP: 27/28 MP: 4/6
  1332 | D:2      | Reached XP level 4. HP: 35/35 MP: 6/8
  1586 | D:3      | Found Kuop's Antique Weapon Shoppe.
  1806 | D:3      | Reached skill level 4 in Unarmed Combat
  1854 | D:3      | Reached XP level 5. HP: 23/40 MP: 7/9
  1989 | D:3      | Found a glowing drain.
  2002 | Sewer    | Entered a sewer
  2478 | Sewer    | Reached XP level 6. HP: 43/47 MP: 11/11
  2862 | Sewer    | Reached skill level 5 in Unarmed Combat
  3237 | D:4      | HP: 2/47 [poisoned by a gnoll]
  3238 | D:4      | Succumbed to a gnoll's poison

Illustrated notes

Levels and vault maps discovered:
D:1:      erik_arrival_cave_to_civilisation [erik_arrival_cave_to_hall],
          layout_basic, shapermc_ecumenical_altar_acropolis,
          hangedman_decor_opposing, minmay_tall_x
D:2:      layout_basic, basic_altar, ebering_dispersal_statue_hall
D:3:      layout_rooms, gammafunk_ghost_mausoleum, serial_shops, shop,
          gup_sewer_entry_pipe, minmay_misc_feat_four_crosses,
          guppyfry_early_orc_mine
D:4:      layout_cave_pods, general_overflow_altar,
          minmay_temple_entry_drinking_statues

Skill      XL: |  1  2  3  4  5  6 |
---------------+-------------------+-----
Dodging        | 2 3 |  3.7
Unarmed Combat | 4 5 |  5.0
Spellcasting   | 3 |  3.6
Transmutations | 3 |  3.5
Fighting       | |  1.4

Action                   |  1- 3 |  4- 6 || total
-------------------------+-------+-------++-------
Melee: Unarmed           |   116 |   181 ||   297
       Headbutt          |    15 |    22 ||    37
       Tailslap          |    14 |    26 ||    40
       Kick              |    19 |    37 ||    56
       Punch             |       |     6 ||     6
 Cast: Beastly Appendage |    31 |    33 ||    64
  Use: Potion            |     4 |     6 ||    10
       Scroll            |     3 |     1 ||     4
 Stab: Sleeping          |     1 |       ||     1
Armor: Skin              |    45 |    37 ||    82
Dodge: Dodged            |    74 |   120 ||   194
